| TOP OF THE 1ST |
|
Florida State University Seminoles batting - Pitching for Coastal Carolina University Chanticleers : RHP Pedro Delgado
|
|
Pitching: RHP Pedro Delgado
|
|
|
Batting: RHB Larry Berge
|
0-0: Ground out 4-3 (Groundball, 4MD, EV 106.2 MPH)
|
|
Batting: RHB Ray Johnson
|
0-0: Called Strike 0-1: Called Strike 0-2: Ball 1-2: Strikes out swinging
|
|
Batting: LHB Ethan Ware
|
0-0: Called Strike 0-1: Foul Ball, location: 2F 0-2: Strikes out swinging
|
| Top of the 1st over - 0 runs, 0 hits, 0 errors, 0 left on base; Florida State University 0 - Coastal Carolina University 0 |
| BOTTOM OF THE 1ST |
|
Coastal Carolina University Chanticleers batting - Pitching for Florida State University Seminoles : RHP Cory Pennington
|
|
Pitching: RHP Cory Pennington
|
|
|
Batting: RHB Tatsunori Ishigaki
|
0-0: Ball 1-0: Ball 2-0: Ground out 4-3 (Groundball, 4, EV 103.1 MPH)
|
|
Batting: RHB Dennis Bennett
|
0-0: Ground out 4-3 (Groundball, 4, EV 83.1 MPH)
|
|
Batting: LHB Orlando Hurtado
|
0-0: DOUBLE (Line Drive, 78D, EV 98.8 MPH)
|
|
Batting: RHB Isaac Washington
|
0-0: Ground out 5-3 (Groundball, 56, EV 100.6 MPH)
|
| Bottom of the 1st over - 0 runs, 1 hit, 0 errors, 1 left on base; Florida State University 0 - Coastal Carolina University 0 |
| TOP OF THE 2ND |
|
Florida State University Seminoles batting - Pitching for Coastal Carolina University Chanticleers : RHP Pedro Delgado
|
|
Batting: RHB Ed Vilches
|
0-0: Ground out U3 (Groundball, 3L, EV 105.6 MPH)
|
|
Batting: RHB Tony Valdez
|
0-0: Ground out U3 (Groundball, 23, EV 83.1 MPH)
|
|
Batting: SHB Jason Farr
|
0-0: Called Strike 0-1: Foul Ball, location: 2F 0-2: Foul Ball, location: 2F 0-2: Strikes out swinging
|
| Top of the 2nd over - 0 runs, 0 hits, 0 errors, 0 left on base; Florida State University 0 - Coastal Carolina University 0 |
| BOTTOM OF THE 2ND |
|
Coastal Carolina University Chanticleers batting - Pitching for Florida State University Seminoles : RHP Cory Pennington
|
|
Batting: RHB Alex Montiel
|
0-0: Swinging Strike 0-1: Swinging Strike 0-2: Strikes out looking
|
|
Batting: RHB Mark Tart
|
0-0: Foul Ball, location: 2F 0-1: Swinging Strike 0-2: Foul Ball, location: 2F 0-2: Ball 1-2: Strikes out swinging
|
|
Batting: RHB Fernando Tovar
|
0-0: Called Strike 0-1: Swinging Strike 0-2: Strikes out swinging
|
| Bottom of the 2nd over - 0 runs, 0 hits, 0 errors, 0 left on base; Florida State University 0 - Coastal Carolina University 0 |
| TOP OF THE 3RD |
|
Florida State University Seminoles batting - Pitching for Coastal Carolina University Chanticleers : RHP Pedro Delgado
|
|
Batting: RHB Butch Huskey
|
0-0: Foul Ball, location: 2F 0-1: Fly out, F7 (Flyball, 7, EV 87.5 MPH)
|
|
Batting: RHB Terry Cisneros
|
0-0: Swinging Strike 0-1: Ball 1-1: Ball 2-1: Ball 3-1: Base on Balls
|
|
Batting: RHB Emilio Guerra
|
0-0: Called Strike 0-1: Swinging Strike 0-2: Ball 1-2: Ball 2-2: Strikes out swinging
|
|
Batting: RHB Larry Berge
|
0-0: Called Strike 0-1: Called Strike 0-2: Ball 1-2: Foul Ball, location: 2F 1-2: Ball 2-2: Ball 3-2: Foul Ball, location: 2F 3-2: Foul Ball, location: 2F 3-2: Fly out, F7 (Flyball, 7LS, EV 86.2 MPH)
|
| Top of the 3rd over - 0 runs, 0 hits, 0 errors, 1 left on base; Florida State University 0 - Coastal Carolina University 0 |
| BOTTOM OF THE 3RD |
|
Coastal Carolina University Chanticleers batting - Pitching for Florida State University Seminoles : RHP Cory Pennington
|
|
Batting: LHB Justin Sanders
|
0-0: Swinging Strike 0-1: SINGLE (Groundball, 3S, EV 69.4 MPH) (infield hit)
|
|
Batting: RHB Rene Napoles
|
0-0: Ball 1-0: Ball 2-0: Foul Ball, location: 2F 2-1: Fly out, F3 (Popup, 3SF, EV 88.8 MPH)
|
|
Batting: RHB Tatsunori Ishigaki
|
0-0: Called Strike Justin Sanders is caught stealing 2nd base 2-4 0-1: Foul Ball, location: 2F 0-2: Ball 1-2: Foul Ball, location: 2F 1-2: Ball 2-2: Ground out 5-3 (Groundball, 56, EV 76.2 MPH)
|
| Bottom of the 3rd over - 0 runs, 1 hit, 0 errors, 0 left on base; Florida State University 0 - Coastal Carolina University 0 |
| TOP OF THE 4TH |
|
Florida State University Seminoles batting - Pitching for Coastal Carolina University Chanticleers : RHP Pedro Delgado
|
|
Batting: RHB Ray Johnson
|
0-0: Ball 1-0: TRIPLE (Flyball, 89XD, EV 101.2 MPH)
|
|
Batting: LHB Ethan Ware
|
0-0: Ball 1-0: Ground out 4-3 (Groundball, 4S, EV 88.1 MPH) Ray Johnson scores
|
|
Batting: RHB Ed Vilches
|
0-0: Called Strike 0-1: Foul Ball, location: 2F 0-2: TRIPLE (Line Drive, 89XD, EV 108.8 MPH)
|
|
Batting: RHB Tony Valdez
|
0-0: Ball 1-0: Ball 2-0: Foul Ball, location: 2F 2-1: Fly out, F9 (Line Drive, 9LM, EV 89.4 MPH) Runner from 3rd tags up, SCORES, throw by RF
|
|
Batting: SHB Jason Farr
|
0-0: Ball 1-0: Ball 2-0: Ball 3-0: Called Strike 3-1: Called Strike 3-2: Base on Balls
|
|
Batting: RHB Butch Huskey
|
0-0: Reached on error, E6 (Groundball, 56, EV 83.1 MPH) Jason Farr to second
|
|
Batting: RHB Terry Cisneros
|
0-0: Ball 1-0: Ground out 4-3 (Groundball, 4, EV 106.2 MPH)
|
| Top of the 4th over - 2 runs, 2 hits, 1 error, 2 left on base; Florida State University 2 - Coastal Carolina University 0 |
| BOTTOM OF THE 4TH |
|
Coastal Carolina University Chanticleers batting - Pitching for Florida State University Seminoles : RHP Cory Pennington
|
|
Batting: RHB Dennis Bennett
|
0-0: Fly out, F4 (Popup, 4, EV 55.6 MPH)
|
|
Batting: LHB Orlando Hurtado
|
0-0: Ball 1-0: Swinging Strike 1-1: Foul Ball, location: 2F 1-2: Strikes out swinging
|
|
Batting: RHB Isaac Washington
|
0-0: Foul Ball, location: 2F 0-1: Foul Ball, location: 2F 0-2: Ground out 1-3 (Groundball, 25, EV 70.6 MPH)
|
| Bottom of the 4th over - 0 runs, 0 hits, 0 errors, 0 left on base; Florida State University 2 - Coastal Carolina University 0 |
| TOP OF THE 5TH |
|
Florida State University Seminoles batting - Pitching for Coastal Carolina University Chanticleers : RHP Pedro Delgado
|
|
Batting: RHB Emilio Guerra
|
0-0: Ball 1-0: Ball 2-0: Ball 3-0: Base on Balls
|
|
Batting: RHB Larry Berge
|
0-0: Ball 1-0: Fielders Choice at 2nd, 4-6 (Groundball, 4M, EV 78.8 MPH)
|
|
Batting: RHB Ray Johnson
|
0-0: Ball Larry Berge is caught stealing 2nd base 2-4 1-0: Ball 2-0: Ball 3-0: Called Strike 3-1: Base on Balls
|
|
Batting: LHB Ethan Ware
|
0-0: Called Strike 0-1: Ball Ray Johnson steals 2nd base 1-1: Called Strike 1-2: Foul Ball, location: 2F 1-2: Strikes out swinging
|
| Top of the 5th over - 0 runs, 0 hits, 0 errors, 1 left on base; Florida State University 2 - Coastal Carolina University 0 |
| BOTTOM OF THE 5TH |
|
Coastal Carolina University Chanticleers batting - Pitching for Florida State University Seminoles : RHP Cory Pennington
|
|
Batting: RHB Alex Montiel
|
0-0: Ball 1-0: Swinging Strike 1-1: Swinging Strike 1-2: Foul Ball, location: 2F 1-2: Ball 2-2: Fly out, F8 (Flyball, 8RM, EV 90.0 MPH)
|
|
Batting: RHB Mark Tart
|
0-0: Ground out U3 (Groundball, 34, EV 91.2 MPH)
|
|
Batting: RHB Fernando Tovar
|
0-0: Called Strike 0-1: Ball 1-1: Foul Ball, location: 2F 1-2: Strikes out swinging
|
| Bottom of the 5th over - 0 runs, 0 hits, 0 errors, 0 left on base; Florida State University 2 - Coastal Carolina University 0 |
| TOP OF THE 6TH |
|
Florida State University Seminoles batting - Pitching for Coastal Carolina University Chanticleers : RHP Pedro Delgado
|
|
Batting: RHB Ed Vilches
|
0-0: Foul Ball, location: 2F 0-1: Swinging Strike 0-2: Hit by Pitch
|
|
Batting: RHB Tony Valdez
|
0-0: Called Strike 0-1: Foul Ball, location: 2F 0-2: Fly out, F8 (Flyball, 78M, EV 86.9 MPH)
|
|
Pitching: RHP Ricky Diaz
|
|
|
Batting: SHB Jason Farr
|
0-0: Foul Ball, location: 2F 0-1: Ball 1-1: Fly out, F8 (Flyball, 8RD, EV 82.5 MPH)
|
|
Batting: RHB Butch Huskey
|
0-0: Ball Ed Vilches steals 2nd base 1-0: Ball 2-0: Ball 3-0: Called Strike 3-1: Base on Balls
|
|
Pitching: RHP Eric Dunkerley
|
|
|
Batting: RHB Terry Cisneros
|
0-0: Ball 1-0: Ball 2-0: DOUBLE (Line Drive, 89XD, EV 106.2 MPH) Ed Vilches scores Butch Huskey to third Runner from 3rd tries for Home, SAFE, no throw by RF
|
|
Batting: RHB Emilio Guerra
|
0-0: Ball 1-0: Ball 2-0: Called Strike 2-1: Ball 3-1: Swinging Strike 3-2: Strikes out swinging
|
| Top of the 6th over - 2 runs, 1 hit, 0 errors, 1 left on base; Florida State University 4 - Coastal Carolina University 0 |
| BOTTOM OF THE 6TH |
|
Coastal Carolina University Chanticleers batting - Pitching for Florida State University Seminoles : RHP Cory Pennington
|
|
Batting: LHB Justin Sanders
|
0-0: Called Strike 0-1: Ball 1-1: Ball 2-1: Ground out 5-3 (Groundball, 5, EV 91.9 MPH)
|
|
Batting: RHB Rene Napoles
|
0-0: Ball 1-0: Foul Ball, location: 2F 1-1: Called Strike 1-2: Ball 2-2: Strikes out swinging
|
|
Batting: RHB Tatsunori Ishigaki
|
0-0: Called Strike 0-1: SINGLE (Flyball, 6MD, EV 86.2 MPH)
|
|
Batting: RHB Dennis Bennett
|
0-0: Ball Tatsunori Ishigaki steals 2nd base 1-0: Ground out 6-3 (Groundball, 6, EV 81.9 MPH)
|
| Bottom of the 6th over - 0 runs, 1 hit, 0 errors, 1 left on base; Florida State University 4 - Coastal Carolina University 0 |
| TOP OF THE 7TH |
|
Florida State University Seminoles batting - Pitching for Coastal Carolina University Chanticleers : RHP Eric Dunkerley
|
|
Batting: RHB Larry Berge
|
0-0: Called Strike 0-1: Ball 1-1: Ball 2-1: Swinging Strike 2-2: Strikes out looking
|
|
Batting: RHB Ray Johnson
|
0-0: Ball 1-0: Foul Ball, location: 2F 1-1: Called Strike 1-2: Ball 2-2: Foul Ball, location: 2F 2-2: Strikes out swinging
|
|
Batting: LHB Ethan Ware
|
0-0: Ball 1-0: Ball 2-0: Ball 3-0: Base on Balls
|
|
Batting: RHB Ed Vilches
|
0-0: Ball Ethan Ware steals 2nd base 1-0: Ground out 5-3 (Groundball, 56, EV 86.2 MPH)
|
| Top of the 7th over - 0 runs, 0 hits, 0 errors, 1 left on base; Florida State University 4 - Coastal Carolina University 0 |
| BOTTOM OF THE 7TH |
|
Coastal Carolina University Chanticleers batting - Pitching for Florida State University Seminoles : RHP Cory Pennington
|
|
Batting: LHB Orlando Hurtado
|
0-0: Ball 1-0: Ball 2-0: Ground out 6-3 (Groundball, 6, EV 84.4 MPH)
|
|
Batting: RHB Isaac Washington
|
0-0: Foul Ball, location: 2F 0-1: Called Strike 0-2: Ball 1-2: Ball 2-2: Ground out 6-3 (Groundball, 6, EV 80.6 MPH)
|
|
Batting: RHB Alex Montiel
|
0-0: Called Strike 0-1: Called Strike 0-2: Ball 1-2: Foul Ball, location: 2F 1-2: Ball 2-2: Ball 3-2: Foul Ball, location: 2F 3-2: Ground out 4-3 (Groundball, 4, EV 87.5 MPH)
|
| Bottom of the 7th over - 0 runs, 0 hits, 0 errors, 0 left on base; Florida State University 4 - Coastal Carolina University 0 |
| TOP OF THE 8TH |
|
Florida State University Seminoles batting - Pitching for Coastal Carolina University Chanticleers : RHP Eric Dunkerley
|
|
Batting: RHB Tony Valdez
|
0-0: Ball 1-0: Ball 2-0: Called Strike 2-1: Called Strike 2-2: Strikes out swinging
|
|
Batting: SHB Jason Farr
|
0-0: Ball 1-0: Foul Ball, location: 2F 1-1: Called Strike 1-2: Foul Ball, location: 2F 1-2: Ball 2-2: Strikes out swinging
|
|
Batting: RHB Butch Huskey
|
0-0: Called Strike 0-1: Ball 1-1: Called Strike 1-2: Foul Ball, location: 2F 1-2: Strikes out looking
|
| Top of the 8th over - 0 runs, 0 hits, 0 errors, 0 left on base; Florida State University 4 - Coastal Carolina University 0 |
| BOTTOM OF THE 8TH |
|
Coastal Carolina University Chanticleers batting - Pitching for Florida State University Seminoles : RHP Cory Pennington
|
|
Pitching: RHP Jose Muti
|
|
|
Batting: RHB Mark Tart
|
0-0: Ball 1-0: Swinging Strike 1-1: Fly out, F8 (Line Drive, 78M, EV 94.4 MPH)
|
|
Batting: RHB Fernando Tovar
|
0-0: Ball 1-0: Ball 2-0: Foul Ball, location: 2F 2-1: Swinging Strike 2-2: Strikes out swinging
|
|
Batting: LHB Justin Sanders
|
0-0: Called Strike 0-1: Foul Ball, location: 2F 0-2: Strikes out swinging
|
| Bottom of the 8th over - 0 runs, 0 hits, 0 errors, 0 left on base; Florida State University 4 - Coastal Carolina University 0 |
| TOP OF THE 9TH |
|
Florida State University Seminoles batting - Pitching for Coastal Carolina University Chanticleers : RHP Eric Dunkerley
|
|
Pitching: RHP Tetsuaki Nakamura
|
|
|
Batting: RHB Terry Cisneros
|
0-0: Called Strike 0-1: Ground out 4-3 (Groundball, 4M, EV 99.4 MPH)
|
|
Batting: RHB Emilio Guerra
|
0-0: Called Strike 0-1: Foul Ball, location: 2F 0-2: Foul Ball, location: 2F 0-2: Ball 1-2: Ball 2-2: Foul Ball, location: 2F 2-2: Ball 3-2: Foul Ball, location: 2F 3-2: Foul Ball, location: 2F 3-2: Base on Balls
|
|
Batting: RHB Larry Berge
|
0-0: Foul Ball, location: 2F 0-1: Ball 1-1: Foul Ball, location: 2F 1-2: Foul Ball, location: 2F 1-2: Ball 2-2: Ball 3-2: Grounds into double play, 6-4-3 (Groundball, 6, EV 86.9 MPH)
|
| Top of the 9th over - 0 runs, 0 hits, 0 errors, 0 left on base; Florida State University 4 - Coastal Carolina University 0 |
| BOTTOM OF THE 9TH |
|
Coastal Carolina University Chanticleers batting - Pitching for Florida State University Seminoles : RHP Jose Muti
|
|
Batting: RHB Rene Napoles
|
0-0: Called Strike 0-1: Foul Ball, location: 2F 0-2: Ball 1-2: Foul Ball, location: 2F 1-2: Strikes out swinging
|
|
Batting: RHB Tatsunori Ishigaki
|
0-0: Ball 1-0: Ball 2-0: Ball 3-0: Called Strike 3-1: Foul Ball, location: 2F 3-2: Strikes out swinging, 2-3 out at first.
|
|
Batting: RHB Dennis Bennett
|
0-0: Ground out 6-3 (Groundball, 6, EV 91.9 MPH)
|
| Bottom of the 9th over - 0 runs, 0 hits, 0 errors, 0 left on base; Florida State University 4 - Coastal Carolina University 0 |
|